 Dungeon Crawl Stone Soup version 0.17-a0-1949-g1acca9a (webtiles) character file.

357 Ordine the Cruncher (level 6, 0/50 HPs)
             Began as a Minotaur Gladiator on Oct 2, 2015.
             Killed by divine providence
             ... invoked by an orc priest
              (13 damage)
             ... on level 3 of the Dungeon.
             The game lasted 00:04:20 (1239 turns).

Ordine the Cruncher (Minotaur Gladiator)            Turns: 1239, Time: 00:04:20

Health: 0/50       AC:  4    Str: 19    XL:     6   Next: 37%
Magic:  5/5        EV: 13    Int:  5    God:
Gold:   79         SH:  0    Dex: 13    Spells: 0 memorised, 5 levels left

rFire  . . .     SeeInvis .     a - +1 quarterstaff
rCold  . . .     Clarity  .     b - +0 leather armour
rNeg   + . .     SustAt   .     (no shield)
rPois  .         Gourm    .     c - +0 hat
rElec  .         Spirit   .     (no cloak)
rCorr  .         Warding  +     g - +0 pair of gloves
rMut   .         Rnd*Tele +     (no boots)
MR     .....                    j - amulet of warding
Stlth  +.........               (no ring)
                                h - ring of teleportation (curse)

@: not resistant to hostile enchantments, very unstealthy
A: retaliatory headbutt, horns 2
a: Evoke Teleportation


You were on level 3 of the Dungeon.
You were very hungry.

You visited 1 branch of the dungeon, and saw 3 of its levels.

You collected 79 gold pieces.

Inventory:

Hand weapons
 a - a +1 quarterstaff (weapon)
Missiles
 d - 3 throwing nets (quivered)
Armour
 b - a +0 leather armour (worn)
 c - a +0 hat (worn)
 g - a +0 pair of gloves (worn)
Jewellery
 h - a cursed ring of teleportation (left hand)
 j - an amulet of warding (around neck)
Scrolls
 m - 3 scrolls of amnesia
 p - a scroll of blinking
Potions
 o - a potion of brilliance
Comestibles
 e - 3 bread rations
 i - 2 fruits
 k - a beef jerky
 n - a meat ration


   Skills:
 - Level 2.4 Fighting
 + Level 8.7 Staves
 - Level 2.0 Throwing
 - Level 3.2 Dodging


You had 5 spell levels left.
You didn't know any spells.

Dungeon Overview and Level Annotations

Branches:
Dungeon (3/15)

Altars:
Elyvilon
Gozag
Kikubaaqudgha
Makhleb
Sif Muna
Trog

Portals:
Sewer: D:3


Innate Abilities, Weirdness & Mutations

You reflexively headbutt those who attack you in melee.
You have a pair of horns on your head.


Message History

The river rat bites you.
* * * LOW HITPOINT WARNING * * *
You hit the river rat but do no damage.
The river rat is heavily wounded.
You hit the river rat but do no damage. You headbutt the river rat.
The river rat is almost dead.
The river rat barely misses you.
You hit the river rat.
You kill the river rat!
Your leather armour prevents you from hitting the orc.
The orc closely misses you.
You barely miss the orc. You closely miss the orc. You hit the orc.
The orc is severely wounded.
You sock the orc!
You kill the orc!
The orc priest invokes the aid of Beogh against you.
Something smites you!
You die...

#..# #..#######
##..#......
........... .#
###.#..####
#.?###
###.#..### .....
........... ####
...# )##.#..###.
#.?.## ...#
.##.#..#
##@###.. .#..#
+#
.#.#.#r#.######
..#.#
[.....ossr≈≈≈≈∩#
.#.##
..#.#.#o...≈≈≈≈#
.###
..>.......≈≈≈≈#
.#
#.#.#.#.##..≈≈≈#
.. #.#....##
...≈≈# .. #
#.#.# #.#.## ##
..... ...#


You could see an orc priest, a river rat, 2 giant cockroaches and a rat.

Vanquished Creatures
  Sigmund (D:2)
  The ghost of Ordine the Twirler, an average MiGl (D:3)
  A river rat (D:3)
  2 adders (D:2)
  A worm (D:2)
  2 giant geckos
  An orc (D:3)
  A ball python (D:2)
  3 giant cockroaches
  6 hobgoblins
  A quokka (D:3)
  4 bats (D:1)
  A giant newt (D:1)
  6 goblins
  3 kobolds
  7 rats
41 creatures vanquished.

Notes
Turn   | Place    | Note
--------------------------------------------------------------
     0 | D:1      | Ordine the Minotaur Gladiator began the quest for the Orb.
     0 | D:1      | Reached XP level 1. HP: 18/18 MP: 0/0
    46 | D:1      | Reached skill level 4 in Staves
   205 | D:1      | Reached XP level 2. HP: 20/25 MP: 1/1
   617 | D:2      | Reached skill level 5 in Staves
   619 | D:2      | Reached XP level 3. HP: 30/30 MP: 2/2
   689 | D:2      | Found an ancient bone altar of Kikubaaqudgha.
   693 | D:2      | Noticed Sigmund
   695 | D:2      | Found a white marble altar of Elyvilon.
   697 | D:2      | Killed Sigmund
   697 | D:2      | Reached skill level 7 in Staves
   697 | D:2      | Reached XP level 4. HP: 29/37 MP: 3/3
   697 | D:2      | Reached XP level 5. HP: 32/42 MP: 4/4
   708 | D:2      | Found an opulent altar of Gozag.
   710 | D:2      | Found a deep blue altar of Sif Muna.
   904 | D:2      | Found a bloodstained altar of Trog.
   956 | D:2      | Found a burning altar of Makhleb.
   956 | D:2      | Noticed a balrug
   959 | D:2      | Noticed a ynoxinul
   959 | D:2      | Noticed a ynoxinul
  1066 | D:3      | Noticed Ordine's ghost (average MiGl)
  1092 | D:3      | Killed Ordine's ghost
  1092 | D:3      | Reached skill level 8 in Staves
  1092 | D:3      | Reached XP level 6. HP: 7/50 MP: 5/5
  1222 | D:3      | Found a glowing drain.
  1239 | D:3      | Killed from afar by an orc priest

Vault maps used:
D:1:      dpeg_arrival_orchard, st_stairs_9
D:2:      overflow_temple_1_default, bloody_trog, makhleb_altar_promises_db,
          grunt_temple_overflow_open, uniq_sigmund
D:3:      portal_sewer_entry_b, minmay_goblin_kobold_house

Action                   |  1- 3 |  4- 6 || total
-------------------------+-------+-------++-------
Melee: Quarterstaff      |    47 |    51 ||    98
  Use: Scroll            |     6 |     4 ||    10
       Potion            |       |     1 ||     1
